 Dungeon Crawl Stone Soup version 0.26.1-11-gd32895ea62 (webtiles) character file.

Game seed: 12531647682408573350

23 Descartes the Sneak (level 2, -1/12 HPs)
             Began as a Felid Transmuter on May 29, 2021.
             Slain by a jackal (2 damage)
             ... on level 1 of the Dungeon.
             The game lasted 00:01:18 (910 turns).

Descartes the Sneak (Felid Transmuter)               Turns: 910, Time: 00:01:19

Health: -1/12      AC:  1    Str:  6    XL:     2   Next: 75%
Magic:  5/6        EV: 18    Int: 14    God:
Gold:   65         SH:  0    Dex: 22    Spells: 4/5 levels left
                                        Lives:  0   Deaths: 0

rFire    . . .     SeeInvis +     - Unarmed
rCold    . . .     Faith    .   (shield unavailable)
rNeg     . . .     Spirit   .   (armour unavailable)
rPois    .         Reflect  .   (helmet unavailable)
rElec    .         Harm     .   (cloak unavailable)
rCorr    .         Rampage  .   (gloves unavailable)
Will     .....                  (boots unavailable)
Stlth    +++.......             (no amulet)
HPRegen  0.04/turn              d - +6 ring of dexterity
MPRegen  0.10/turn              (no ring)

@: appendages, quick
A: very small, no armour, no weapons or thrown items, stealth, claws 1, fangs 3,
horns 2, see invisible, speed 1, shaggy fur 1, sharp paws
a: End Transformation


You were on level 1 of the Dungeon.
You had grown temporary horns.
You visited 1 branch of the dungeon, and saw 1 of its levels.

You collected 65 gold pieces.

Inventory:

Jewellery
 d - a +6 ring of dexterity (left paw)
Scrolls
 c - a scroll of blinking {unknown}
 e - a scroll of remove curse {unknown}
 g - 2 scrolls of amnesia {unknown}
 h - a scroll of magic mapping {unknown}
 i - a scroll of identify {unknown}
Potions
 a - 2 potions of might {unknown}
 b - a potion of resistance {unknown}
 f - a potion of degeneration {unknown}


   Skills:
 - Level 1.0 Fighting
 - Level 2.6 Dodging
 + Level 3.7 Stealth
 - Level 3.0 Unarmed Combat
 - Level 2.0 Spellcasting
 - Level 2.1 Transmutations


You had 4 spell levels left.
You knew the following spells:

 Your Spells              Type           Power        Failure   Level
a - Beastly Appendage     Tmut           14%          10%         1

Your spell library contained the following spells:

 Spells                   Type           Power        Failure   Level
 Wereblood                Tmut           7%           14%         2
 Spider Form              Tmut/Pois      2%           41%         3
 Ice Form                 Ice/Tmut       4%           83%         4
 Blade Hands              Tmut           3%           95%         5


Dungeon Overview and Level Annotations

Branches:
Dungeon (1/15)

Altars:


Innate Abilities, Weirdness & Mutations

You cannot wear armour.
You are incapable of wielding weapons or throwing items.
Your paws allow you to move quietly. (Stealth)
You have sharp claws.
You have razor-sharp teeth.
You have supernaturally acute eyesight. (SInv)
You cover ground quickly.
You are covered in fur. (AC +1)
Your sharp claws are effective at attacking unaware monsters.
You have a pair of horns on your head.


Message History

The jackal bites you. The jackal completely misses you. The jackal misses you.
You see here a jackal corpse.
Your horns disappear.
You scratch the jackal.
The jackal is heavily wounded.
Casting: Beastly Appendage (safe; 10% risk of failure)
Confirm with . or Enter, or press ? or * to list all spells.
You grow a pair of large bovine horns.
The jackal barely misses you. The jackal bites you.
* * * LOW HITPOINT WARNING * * *
The jackal misses you. The jackal misses you. The jackal bites you.
* * * LOW HITPOINT WARNING * * *
You see here a hunting sling.
You scratch the jackal.
The jackal is almost dead.
The jackal bites you.
You die...

....>.....# .##.#..#..#
....####..################
..........................
...........#.....(########
.......#...#.####.#####
......##...#.# #.....#
......##...#.########.###
..#...##...#.##.@hh.....#
..#...##........##†##.###
..#...##.#.##.......#.#
.................#..#.#
..................†.#.#
..#...##.......$......#
.......).#...######.#.#
..#..###.#... .#.#
.........# # .. .


You could see 2 jackals.

Vanquished Creatures
  3 leopard geckos (D:1)
  A goblin (D:1)
  2 hobgoblins (D:1)
  3 jackals (D:1)
  3 bats (D:1)
  3 kobolds (D:1)
  3 rats (D:1)
18 creatures vanquished.

Notes
Turn   | Place    | Note
-------+----------+-------------------------------------------
     0 | D:1      | Descartes the Felid Transmuter began the quest for the Orb.
     0 | D:1      | Reached XP level 1. HP: 9/9 MP: 4/4
     2 | D:1      | Noticed a naga
     2 | D:1      | Noticed a formicid
     4 | D:1      | Noticed a felid
     4 | D:1      | Noticed a halfling
     6 | D:1      | Noticed a ghoul
     6 | D:1      | Noticed a troll
     8 | D:1      | Noticed a human
     8 | D:1      | Noticed an octopode
    10 | D:1      | Noticed a tengu
    12 | D:1      | Noticed a demigod
    12 | D:1      | Noticed a gargoyle
    14 | D:1      | Noticed an ogre
    16 | D:1      | Noticed a merfolk
    16 | D:1      | Noticed a minotaur
    18 | D:1      | Noticed a vampire
    18 | D:1      | Noticed a draconian
    20 | D:1      | Noticed a dwarf
    22 | D:1      | Noticed a spriggan
    22 | D:1      | Noticed a centaur
    24 | D:1      | Noticed an elf
    26 | D:1      | Noticed a vine stalker
    26 | D:1      | Noticed a demonspawn
    46 | D:1      | Reached skill level 1 in Stealth
   139 | D:1      | Reached XP level 2. HP: 10/12 MP: 4/6
   910 | D:1      | Slain by a jackal

Illustrated notes

Levels and vault maps discovered:
D:1:      kb_arrival_jail, layout_basic

Skill      XL: |  1  2 |
---------------+-------+-----
Stealth        | 2 3 |  3.7
Fighting       | |  1.0
Dodging        | |  2.6
Unarmed Combat | |  3.0
Spellcasting   | |  2.0
Transmutations | |  2.1

Action                   || total
-------------------------++-------
Melee: Unarmed           ||    48
       Headbutt          ||     5
       Punch             ||     1
       Bite              ||     1
 Cast: Beastly Appendage ||    15
 Stab: Sleeping          ||     1
Armor: Skin              ||     3
Dodge: Dodged            ||    42
